 Dungeon Crawl Stone Soup version 0.26.1-11-gd32895ea62 (webtiles) character file.

Game seed: 845252569550695378

237 H0rd4k the Charlatan (level 6, 0/38 (44) HPs)
             Began as a Human Artificer on Apr 23, 2021.
             Killed themself with a badly aimed iceblast (16 damage)
             ... on level 4 of the Dungeon.
             The game lasted 00:05:43 (5637 turns).

H0rd4k the Charlatan (Human Artificer)              Turns: 5637, Time: 00:05:44

HP:   0/38 (44)     AC:  4    Str: 15    XL:     6   Next: 28%
MP:   6/6           EV: 12    Int: 11    God:
Gold: 125           SH:  0    Dex: 13    Spells: 5/5 levels left

rFire    . . .     SeeInvis .   u - +0 long sword
rCold    . . .     Faith    .   (no shield)
rNeg     . . .     Spirit   .   b - +0 leather armour
rPois    .         Reflect  .   (no helmet)
rElec    .         Harm     .   a - +0 cloak
rCorr    .         Rampage  .   (no gloves)
Will     .....                  (no boots)
Stlth    ++........             r - amulet of magic regeneration
HPRegen  0.12/turn              (no ring)
MPRegen  0.35/turn              (no ring)

@: heavily drained
A: no striking features
a: no special abilities


You were on level 4 of the Dungeon.
You visited 1 branch of the dungeon, and saw 4 of its levels.

You collected 125 gold pieces.

Inventory:

Hand Weapons
 o - a +0 short sword
 u - a +0 long sword (weapon)
Armour
 a - a +0 cloak (worn)
 b - a +0 leather armour (worn)
Jewellery
 p - an uncursed amulet of the acrobat
 r - an amulet of magic regeneration (around neck)
 v - an uncursed amulet of faith {unknown}
Wands
 d - a wand of enslavement (15)
 e - a wand of random effects (9)
Scrolls
 c - a scroll of magic mapping {unknown}
 f - a scroll of enchant armour {unknown}
 g - 2 scrolls of fear {unknown}
 j - a scroll of fog {unknown}
 k - 4 scrolls of identify {unknown}
 n - a scroll of enchant weapon {unknown}
 q - 3 scrolls of teleportation {unknown}
 s - 4 scrolls of remove curse {unknown}
Potions
 h - a potion of ambrosia {unknown}
 i - a potion of haste {unknown}
 l - a potion of brilliance {unknown}
 m - a potion of flight {unknown}
 t - a potion of might {unknown}


   Skills:
 + Level 2.2 Fighting
 + Level 2.5(2.6) Short Blades
 + Level 0.5(1.7) Long Blades
 + Level 3.0 Armour
 + Level 2.1 Dodging
 + Level 2.0 Stealth
 + Level 3.8 Evocations


You had 5 spell levels left.
You didn't know any spells.
Your spell library was empty.

Dungeon Overview and Level Annotations

Branches:
Dungeon (4/15)
 Temple: D:4-7

Altars:
Cheibriados
Fedhas
Uskayaw


Message History

The magic dart hits you!
You bump into the rock wall.
You're too confused to move!
Something hits you but does no damage.
You feel drained.
You hear some strange, mumbled words.
A puff of flame appears from out of thin air!
The puff of flame hits you!
You're too confused to move!
You feel less confused.
A magic dart appears from out of thin air!
The magic dart hits you!
Aiming: Random Effects
Press: ? - help, Shift-Dir - straight line Nothing appears to happen.
Aiming: Random Effects
Press: ? - help, Shift-Dir - straight line The mass of ice explodes!
The iceblast engulfs something!!
Reactivating autopickup.
You feel a bit more experienced. The iceblast engulfs you!
You die...

###########.
#..)@.......
#.#####..... #.#
###........ #.#
#.. ...... #.#
#.# ..... #.# #.#
.... . #.# #.#
#.. .# #.# #.#
#$#...###
#.###.###.##.....


There were no monsters in sight!

Vanquished Creatures
  2 gnolls
  A jelly (D:3)
  An orc wizard (D:4)
  A hound skeleton (D:4)
  3 adders
  2 dart slugs
  3 worms (D:3)
  4 leopard geckos (D:3)
  8 orcs
  8 bats
  8 giant cockroaches
  5 hobgoblins
  A jackal (D:1)
  8 kobolds
  A quokka (D:3)
  3 ball pythons
  2 frilled lizards
  7 goblins
  10 rats
78 creatures vanquished.

Vanquished Creatures (collateral kills)
  An orc priest (D:4)
  3 gnolls (D:3)
  A leopard gecko skeleton (D:4)
5 creatures vanquished.

Vanquished Creatures (others)
  2 gnolls
  A hobgoblin (D:1)
  A jackal (D:1)
4 creatures vanquished.

Grand Total: 87 creatures vanquished

Notes
Turn   | Place    | Note
-------+----------+-------------------------------------------
     0 | D:1      | H0rd4k the Human Artificer began the quest for the Orb.
     0 | D:1      | Reached XP level 1. HP: 15/15 MP: 1/1
   311 | D:1      | Reached XP level 2. HP: 12/21 MP: 2/2
  1071 | D:1      | Reached XP level 3. HP: 25/26 MP: 3/3
  2068 | D:2      | Found a hide-covered altar of Uskayaw.
  2474 | D:2      | Reached XP level 4. HP: 17/32 MP: 4/4
  3027 | D:3      | Reached skill level 1 in Short Blades
  3293 | D:3      | Reached XP level 5. HP: 15/38 MP: 5/5
  3872 | D:3      | Found a snail-covered altar of Cheibriados.
  4987 | D:3      | Reached XP level 6. HP: 25/44 MP: 6/6
  5359 | D:4      | Found a blossoming altar of Fedhas.
  5384 | D:4      | Found the +7 mace of Variability {chain chaos}
  5637 | D:4      | Killed themself with a badly aimed iceblast

Illustrated notes

Levels and vault maps discovered:
D:1:      sevenhm_arrival_forest_fort_small_6, layout_rooms, nrook_uturn
D:2:      layout_basic, nicolae_overflow_crystal_walls,
          kennysheep_cross_bottleneck
D:3:      kennysheep_six_static_rooms, layout_basic, old_standard_altar
D:4:      layout_loops_ring, fedhas_altar_2, ebering_ghost_disaster_area,
          serial_shops, shop

Skill      XL: |  1  2  3  4  5  6 |
---------------+-------------------+-----
Short Blades   | 1 2 |  2.5
Fighting       | 2 |  2.2
Dodging        | 2 |  2.1
Armour         | 3 |  3.0
Stealth        | 2 |  2.0
Long Blades    | |  0.5
Evocations     | |  3.8

Action                   |  1- 3 |  4- 6 || total
-------------------------+-------+-------++-------
Melee: Club              |    49 |       ||    49
       Short sword       |    84 |   124 ||   208
       Long sword        |       |    69 ||    69
Evoke: Wand              |    13 |    18 ||    31
 Stab: Sleeping          |     3 |     4 ||     7
       Paralysed         |       |     2 ||     2
Armor: Leather armour    |    44 |    44 ||    88
Dodge: Dodged            |    99 |   129 ||   228
       Rpst.: Long sword |       |    15 ||    15
